 Dungeon Crawl Stone Soup version 0.31-a0-986-g5e6e4ef867 (webtiles) character file.

Game seed: 17358674028519049041

304 DocClef the Ruffian (level 6, -4/47 HPs)
             Began as a Gnoll Shapeshifter on Nov 5, 2023.
             Was an Initiate of Yredelemnul.
             Slain by an ogre
             ... wielding a +0 giant club
              (20 damage)
             ... on level 4 of the Dungeon.
             The game lasted 00:03:20 (2765 turns).

DocClef the Ruffian (Gnoll Shapeshifter)            Turns: 2765, Time: 00:03:20

Health: -4/47      AC:  2    Str: 16    XL:     6   Next: 38%
Magic:  9/9        EV: 14    Int: 11    God:    Yredelemnul [......]
Gold:   275        SH:  5    Dex: 14    Spells: 9/9 levels left

rFire   + . .        t - +7 spear "Demonbane" {pain, Int+2 Dex+3}
rCold   + . .        (no shield)
rNeg    . . .        a - +0 animal skin
rPois   .            (helmet currently unavailable)
rElec   .            (cloak currently unavailable)
rCorr   .            (gloves currently unavailable)
SInv    .            (boots currently unavailable)
Will    .....        k - amulet of reflection
Stlth   ++           l - ring of protection from fire
HPRegen 0.27/turn    p - ring of protection from cold
MPRegen 0.11/turn

%: reflection
@: beast-form
A: beast (slay +3), fangs 1, strong nose, distributed training
a: Begin Untransformation, Renounce Religion, Recall Undead Harvest


You were on level 4 of the Dungeon.
You worshipped Yredelemnul.
Yredelemnul was noncommittal.
You were a hulking beast.
You visited 2 branches of the dungeon, and saw 5 of its levels.

You collected 275 gold pieces.

Inventory:

Hand Weapons
 t - the +7 spear "Demonbane" (weapon) {pain, Int+2 Dex+3}
   (You found it on level 3 of the Dungeon)

   Int+2:     It affects your intelligence (+2).
   Dex+3:     It affects your dexterity (+3).
Armour
 a - a +0 animal skin (worn)
 u - a +0 helmet
Jewellery
 k - an amulet of reflection (around neck)
 l - a ring of protection from fire (left hand)
 n - a ring of magical power
 p - a ring of protection from cold (right hand)
Talismans
 c - a beast talisman
 d - a flux talisman
Scrolls
 g - 4 scrolls of teleportation {unknown}
 i - 4 scrolls of identify {unknown}
 m - 3 scrolls of torment {unknown}
 o - a scroll of fear {unknown}
 q - 3 scrolls of immolation {unknown}
 r - a scroll of poison {unknown}
 s - a scroll of revelation {unknown}
 v - a scroll of blinking {unknown}
Potions
 b - a potion of lignification
 e - 2 potions of attraction {unknown}
 f - 2 potions of curing {unknown}
 h - 2 potions of heal wounds {unknown}
 j - 2 potions of might {unknown}


   Skills:
 + Level 3.2 Fighting
 + Level 2.0 Short Blades
 + Level 2.0 Long Blades
 + Level 2.0 Axes
 + Level 2.0 Maces & Flails
 + Level 2.0 Polearms
 + Level 2.0 Staves
 + Level 2.0 Ranged Weapons
 + Level 2.0 Throwing
 + Level 2.0 Armour
 + Level 5.0 Dodging
 + Level 2.0 Stealth
 + Level 2.0 Shields
 + Level 6.8 Unarmed Combat
 + Level 2.0 Spellcasting
 + Level 1.5 Conjurations
 + Level 1.5 Hexes
 + Level 1.5 Summonings
 + Level 1.5 Necromancy
 + Level 1.5 Translocations
 + Level 1.5 Transmutations
 + Level 1.5 Fire Magic
 + Level 1.5 Ice Magic
 + Level 1.5 Air Magic
 + Level 1.5 Earth Magic
 + Level 1.5 Poison Magic
 + Level 2.2 Invocations
 + Level 2.0 Evocations
 + Level 6.7 Shapeshifting


You had 9 spell levels left.
You didn't know any spells.
Your spell library contained the following spells:

 Spells                   Type           Power      Damage    Failure   Level
 Sublimation of Blood     Necr           4%         N/A       22%         2
 Wereblood                Tmut           4%         N/A       22%         2
 Inner Flame              Hex/Fire       4%         N/A       41%         3
 Flame Wave               Conj/Fire      4%         2d5       83%         4
 Sticky Flame             Conj/Fire      4%         2d3       83%         4
 Summon Hydra             Summ           2%         N/A       100%        7


Dungeon Overview and Level Annotations

Branches:
Dungeon (4/15)             Temple (1/1) D:4

Altars:
Ashenzari
Elyvilon
Gozag
Hepliaklqana
Kikubaaqudgha
Okawaru
Qazlal
Trog
Vehumet
Wu Jian
Xom
Yredelemnul
Zin


Innate Abilities, Weirdness & Mutations

You are a hulking beast.
Your limbs bulge with bestial killing power. (Slay +3)
You have very sharp teeth.
Your uncanny sense of smell can sniff out nearby items.
Your experience applies equally to all skills.


Message History

v - a scroll labelled CEMATOF FAUN
Found a chain mail and a hand axe.
No target in view!
An iguana comes into view.
The iguana moves out of view.
Found a leather armour.
An ogre comes into view. It is wielding a +0 giant club.
An ogre is nearby!
An ogre is nearby!
The ogre shouts!
You reach to attack!
You closely miss the ogre. You puncture the ogre!
The ogre is moderately wounded.
The ogre hits you with a +0 giant club!!
Ouch! That really hurt!
You are too injured to fight recklessly!
You are too injured to fight recklessly!
You are too injured to fight recklessly!
You are too injured to fight recklessly!
You are too injured to fight recklessly!
You are too injured to fight recklessly!
You are too injured to fight recklessly!
You are too injured to fight recklessly!
You are too injured to fight recklessly!
You are too injured to fight recklessly!
You are too injured to fight recklessly!
You are too injured to fight recklessly!
You are too injured to fight recklessly!
You are too injured to fight recklessly!
You are too injured to fight recklessly!
You are too injured to fight recklessly!
You are too injured to fight recklessly!
Unknown command.
You hit the ogre. Your bite misses the ogre.
The ogre is moderately wounded.
You puncture the ogre!
The ogre writhes in agony.
The ogre is heavily wounded.
The ogre hits you with a +0 giant club!!
You die...
Your body rises from the dead as a mindless zombie.

#.###.........
[............
.[......).# ##
#......... ..
#..##.# #
.###.###.###.##.# #
.........##...#.# ..
................# #.
.###.#.#..#..h###
#..# #
#.#..##$.O......
##...
#.#.###..###########
..... .........#
##.## ###..###.# # .
##.# #.# # # #.# #.#
# # #.# #.# # # #.#
#.# ##


You could see an ogre.

Vanquished Creatures
  A black bear (D:4)
  A scorpion (D:2)
  A hound (D:4)
  3 gnolls (D:4)
  4 adders
  A worm (D:2)
  2 dart slugs (D:1)
  An orc (D:3)
  6 ball pythons
  5 bats
  5 endoplasms
  A giant cockroach (D:2)
  6 goblins
  4 hobgoblins
  2 jackals (D:2)
  4 quokkas
  5 frilled lizards
  5 kobolds
  2 rats
59 creatures vanquished.

Notes
Turn   | Place    | Note
-------+----------+-------------------------------------------
     0 | D:1      | DocClef the Gnoll Shapeshifter began the quest for the Orb.
     0 | D:1      | Reached XP level 1. HP: 17/17 MP: 1/1
    95 | D:1      | Reached XP level 2. HP: 21/23 MP: 2/2
   668 | D:2      | Reached XP level 3. HP: 26/28 MP: 3/3
   901 | D:2      | Reached skill level 1 in Invocations
   986 | D:2      | Noticed a scorpion
   994 | D:2      | Killed a scorpion
   995 | D:2      | Reached skill level 1 in Short Blades
   995 | D:2      | Reached skill level 1 in Long Blades
   995 | D:2      | Reached skill level 1 in Axes
   995 | D:2      | Reached skill level 1 in Maces & Flails
   995 | D:2      | Reached skill level 1 in Polearms
   995 | D:2      | Reached skill level 1 in Staves
   995 | D:2      | Reached skill level 1 in Ranged Weapons
   995 | D:2      | Reached skill level 1 in Throwing
   995 | D:2      | Reached skill level 1 in Armour
   995 | D:2      | Reached skill level 1 in Stealth
   995 | D:2      | Reached skill level 1 in Shields
   995 | D:2      | Reached skill level 1 in Spellcasting
   995 | D:2      | Reached skill level 1 in Conjurations
   995 | D:2      | Reached skill level 1 in Hexes
   995 | D:2      | Reached skill level 1 in Summonings
   995 | D:2      | Reached skill level 1 in Necromancy
   995 | D:2      | Reached skill level 1 in Translocations
   995 | D:2      | Reached skill level 1 in Transmutations
   995 | D:2      | Reached skill level 1 in Fire Magic
   995 | D:2      | Reached skill level 1 in Ice Magic
   995 | D:2      | Reached skill level 1 in Air Magic
   995 | D:2      | Reached skill level 1 in Earth Magic
   995 | D:2      | Reached skill level 1 in Poison Magic
   995 | D:2      | Reached skill level 1 in Evocations
   995 | D:2      | Reached XP level 4. HP: 31/34 MP: 5/5
  1741 | D:3      | Reached XP level 5. HP: 40/40 MP: 6/6
  1884 | D:3      | Identified the +7 spear "Demonbane" {pain, Int+2 Dex+3}
  2490 | D:4      | Noticed a black bear
  2495 | D:4      | Killed a black bear
  2496 | D:4      | Reached XP level 6. HP: 42/47 MP: 8/8
  2517 | D:4      | Found a staircase to the Ecumenical Temple.
  2527 | D:4      | Reached skill level 5 in Dodging
  2540 | Temple   | Entered the Ecumenical Temple
  2575 | Temple   | Became a worshipper of Yredelemnul the Dark
  2765 | D:4      | Slain by an ogre

Illustrated notes

Levels and vault maps discovered:
D:1:      wander_arrival_desolate, layout_rooms
D:2:      layout_basic, kennysheep_minor_cross
D:3:      layout_loops_ring, minmay_pentomino_pile
D:4:      layout_loops_ring, minmay_temple_entry_arrows,
          minmay_misc_feat_nine_boxes
Temple:   oiseaux_autumnal_temple

Skill      XL: |  1  2  3  4  5  6 |
---------------+-------------------+-----
Invocations    | 1 2 |  2.2
Short Blades   | 1 2 |  2.0
Long Blades    | 1 2 |  2.0
Axes           | 1 2 |  2.0
Maces & Flails | 1 2 |  2.0
Polearms       | 1 2 |  2.0
Staves         | 1 2 |  2.0
Ranged Weapons | 1 2 |  2.0
Throwing       | 1 2 |  2.0
Armour         | 1 2 |  2.0
Stealth        | 1 2 |  2.0
Shields        | 1 2 |  2.0
Spellcasting   | 1 2 |  2.0
Conjurations   | 1 |  1.5
Hexes          | 1 |  1.5
Summonings     | 1 |  1.5
Necromancy     | 1 |  1.5
Translocations | 1 |  1.5
Transmutations | 1 |  1.5
Fire Magic     | 1 |  1.5
Ice Magic      | 1 |  1.5
Air Magic      | 1 |  1.5
Earth Magic    | 1 |  1.5
Poison Magic   | 1 |  1.5
Evocations     | 1 2 |  2.0
Fighting       | 3 |  3.2
Dodging        | 5 |  5.0
Unarmed Combat | |  6.8
Shapeshifting  | |  6.7

Action                     |  1- 3 |  4- 6 || total
---------------------------+-------+-------++-------
  Melee: Unarmed           |    78 |    31 ||   109
         Bite              |     8 |     2 ||    10
         Punch             |     2 |     3 ||     5
         Spear             |       |    35 ||    35
   Stab: Sleeping          |     2 |     4 ||     6
 Armour: Animal skin       |    30 |    17 ||    47
  Dodge: Dodged            |    48 |    34 ||    82
  Block: Other             |    10 |     9 ||    19

Table legend: (Time is in decaauts)
 A = Elapsed time spent in this place.
 B = Non-inter-level travel time spent in this place.
 C = Inter-level travel time spent in this place.
 D = Time resting spent in this place.
 E = Time spent auto-exploring this place.
 F = Levels seen in this place.
 G = Mean time per level.
                   A        B        C        D        E       F      G
               +--------+--------+--------+--------+--------+-----+--------+
         Total |   2751 |   2580 |    171 |      0 |   2172 |   5 |  550.2 |
       Dungeon |   2688 |   2569 |    119 |      0 |   2164 |   4 |  672.0 |
        Temple |     62 |     10 |     52 |      0 |      8 |   1 |   62.0 |
               +--------+--------+--------+--------+--------+-----+--------+

Top non-repeatable levels by time:
     D:2: 1022 daAuts
     D:3: 836 daAuts
     D:1: 524 daAuts
     D:4: 303 daAuts
  Temple: 62 daAuts
